 Dungeon Crawl Stone Soup version 0.31-a0-152-g6aa68a64a1 (webtiles) character file.

Game seed: 5567859596725891616

775 qw the Skirmisher (level 7, 0/56 (63) HPs)
             Began as a Minotaur Hunter on June 9, 2023.
             Slain by a wight
             ... wielding a +3 war axe
              (2 damage)
             ... on level 5 of the Dungeon.
             The game lasted 00:01:28 (3353 turns).

qw the Skirmisher (Minotaur Hunter)                 Turns: 3353, Time: 00:01:28

HP:   0/56 (63)     AC:  7    Str: 15    XL:     7   Next: 54%
MP:   6/6           EV: 11    Int:  6    God:
Gold: 246           SH:  5    Dex: 16    Spells: 6/6 levels left

rFire   . . .        Y - +0 shortbow
rCold   . . .        (shield currently unavailable)
rNeg    . . .        l - +0 ring mail
rPois   .            (helmet restricted)
rElec   .            b - +0 cloak
rCorr   .            (no gloves)
SInv    .            h - +0 pair of boots
Will    .....        j - amulet of reflection
Stlth   +            (no ring)
HPRegen 0.29/turn    (no ring)
MPRegen 0.10/turn

%: reflection
@: heavily drained
A: horns 2, retaliatory headbutt
a: no special abilities


You were on level 5 of the Dungeon.
You visited 1 branch of the dungeon, and saw 5 of its levels.

You collected 246 gold pieces.


Innate Abilities, Weirdness & Mutations

You have a pair of horns on your head.
You reflexively headbutt those who attack you in melee.


   Skills:
 - Level 6.1 Fighting
 + Level 8.3 Ranged Weapons
 - Level 2.1 Armour
 - Level 3.0 Dodging
 - Level 0.7 Stealth


You had 6 spell levels left.
You didn't know any spells.
Your spell library was empty.

Inventory:

Hand Weapons
 Y - a +0 shortbow (weapon)
Armour
 b - a +0 cloak (worn)
 h - a +0 pair of boots (worn)
 l - a +0 ring mail (worn)
Jewellery
 j - an amulet of reflection (around neck)
Scrolls
 a - a scroll of identify
Potions
 d - 2 potions of curing
 e - a potion of haste
 f - a potion of mutation
 g - a potion of brilliance {unknown}

Dungeon Overview and Level Annotations

Branches:
Dungeon (5/15)
 Temple: D:4-7

Altars:


Message History

The wight hits you with a +3 war axe. The wight misses you.
You shoot an arrow. The arrow hits the wight.
The wight is lightly damaged.
The wight hits you with a +3 war axe. The wight hits you but does no damage.
You shoot an arrow. The arrow barely misses the wight.
The wight hits you with a +3 war axe! The wight hits you with a +0 flail.
You feel drained.
You shoot an arrow. The arrow hits the wight.
The wight is moderately damaged.
The wight closely misses you. x2; You block the wight's attack.
You shoot an arrow. The arrow barely misses the wight.
The wight hits you with a +0 flail.
You feel drained.
The wight hits you with a +0 long sword.
You shoot an arrow. The arrow closely misses the wight.
The wight barely misses you. You furiously retaliate!
You headbutt the wight!
The wight hits you with a +0 long sword.
You feel drained.
You shoot an arrow. The arrow hits the wight.
The wight is severely damaged.
The wight hits you with a +0 flail.
You feel drained. The wight closely misses you. You furiously retaliate!
You headbutt the wight! You shoot an arrow. The arrow hits the wight.
The wight is almost destroyed.
The wight hits you but does no damage.
The wight hits you with a +0 long sword.
You feel drained.
You shoot an arrow. The arrow hits the wight.
You destroy the wight!
You shoot an arrow. The arrow closely misses the wight.
The wight hits you but does no damage.
You shoot an arrow. The arrow barely misses the wight.
The wight misses you. You furiously retaliate!
You headbutt the wight, but do no damage.
The wight barely misses you.
The wight hits you from afar with a +0 trident.
You feel drained.
You shoot an arrow. The arrow hits the wight!
The wight is almost destroyed.
The wight hits you with a +3 war axe!
You feel drained.
You die...

### #<# #%# ##
#.# .. #.# .#
#.# .# #.# z#
###.##z#
#....@z#
#.#..........
...###########
#... #... ....
####


You could see 3 wights.

Vanquished Creatures
  Grinder (D:3)
  A black bear (D:4)
  A scorpion (D:4)
  A wight (D:5)
  2 hounds (D:4)
  2 orc priests
  An orc wizard (D:4)
  Robin (D:3)
  7 gnolls (D:4)
  4 adders
  6 worms
  3 dart slugs
  6 orcs
  9 endoplasms
  3 giant cockroaches
  15 goblins
  10 hobgoblins
  7 jackals (D:4)
  4 quokkas
  2 ball pythons
  10 bats
  6 frilled lizards
  4 kobolds
  A rat (D:3)
107 creatures vanquished.

Notes
Turn   | Place    | Note
-------+----------+-------------------------------------------
     0 | D:1      | qw the Minotaur Hunter began the quest for the Orb.
     0 | D:1      | Reached XP level 1. HP: 18/18 MP: 0/0
     0 | D:1      | 0 ||| qw: Version: 0.2-a-120-g592f744
     0 | D:1      | 0 ||| qw: Game counter: 3169
     0 | D:1      | 0 ||| qw: Always use a shield: true
     0 | D:1      | 0 ||| qw: God list: Okawaru
     0 | D:1      | 0 ||| qw: Allow faded altars: false
     0 | D:1      | 0 ||| qw: Do Orc after D:15 true
     0 | D:1      | 0 ||| qw: Do second Lair branch before Depths: true
     0 | D:1      | 0 ||| qw: Lair rune preference: random
     0 | D:1      | 0 ||| qw: Plans: Normal
     0 | D:1      | 0 ||| PLANNING D:1-11
   441 | D:1      | Reached XP level 2. HP: 21/25 MP: 1/1
   524 | D:1      | Reached skill level 5 in Ranged Weapons
   882 | D:1      | 882 ||| UPGRADING to +0 pair of boots.
   887 | D:1      | 887 ||| READING scroll labelled ECVEFF IXEUT.
   888 | D:1      | 888 ||| DROPPING scroll of butterflies.
   947 | D:2      | Reached skill level 3 in Fighting
  1015 | D:2      | Reached XP level 3. HP: 31/31 MP: 2/2
  1485 | D:2      | 1485 ||| UPGRADING to +0 cloak.
  1490 | D:2      | 1490 ||| UPGRADING to amulet of reflection.
  1495 | D:2      | 1495 ||| READING scroll labelled FESMAA MOAWA.
  1500 | D:2      | 1500 ||| READING 3 scrolls labelled SANEOD BAIH.
  1501 | D:2      | 1501 ||| DRINKING 2 smoky puce potions.
  1502 | D:2      | 1502 ||| DROPPING 2 scrolls of blinking.
  1537 | D:3      | Reached XP level 4. HP: 38/38 MP: 3/3
  1539 | D:3      | Reached skill level 1 in Armour
  1556 | D:3      | HP: 8/38 [orc priest/divine providence (11)]
  1561 | D:3      | Reached skill level 6 in Ranged Weapons
  1706 | D:3      | Found a faded altar of an unknown god.
  1882 | D:3      | Noticed Grinder
  1887 | D:3      | 1887 ||| FLEEEEING.
  1891 | D:3      | 1891 ||| FLEEEEING.
  1905 | D:3      | Paralysed by Grinder for 5 turns
  1923 | D:3      | Killed Grinder
  1924 | D:3      | Reached skill level 6 in Fighting
  1924 | D:3      | Reached XP level 5. HP: 33/50 MP: 4/4
  1924 | D:3      | Reached XP level 6. HP: 37/57 MP: 5/5
  2186 | D:3      | Noticed Robin
  2193 | D:3      | Killed Robin
  2194 | D:3      | 2194 ||| FLEEEEING.
  2195 | D:3      | 2195 ||| FLEEEEING.
  2196 | D:3      | 2196 ||| FLEEEEING.
  2197 | D:3      | 2197 ||| FLEEEEING.
  2198 | D:3      | 2198 ||| FLEEEEING.
  2199 | D:3      | 2199 ||| FLEEEEING.
  2200 | D:3      | 2200 ||| FLEEEEING.
  2201 | D:3      | 2201 ||| FLEEEEING.
  2247 | D:3      | 2247 ||| UPGRADING to +0 ring mail.
  2257 | D:3      | 2257 ||| DROPPING +0 leather armour.
  2258 | D:3      | 2258 ||| READING 2 scrolls labelled UTTOAR SIUHAQI.
  2259 | D:3      | 2259 ||| READING scroll labelled FAATUT HIAGEJI.
  2260 | D:3      | 2260 ||| READING scroll labelled ULAGEN JIZOLEDGH.
  2419 | D:4      | Reached skill level 7 in Ranged Weapons
  2756 | D:4      | Reached XP level 7. HP: 62/63 MP: 6/6
  3029 | D:4      | Reached skill level 8 in Ranged Weapons
  3069 | D:4      | Reached skill level 3 in Dodging
  3305 | D:4      | 3305 ||| READING scroll labelled OCLIONGENWO.
  3306 | D:4      | 3306 ||| READING scroll labelled RIRPHA POARAD.
  3307 | D:4      | 3307 ||| READING scroll labelled GUNICR ETHESIER.
  3308 | D:4      | 3308 ||| READING 3 scrolls of identify.
  3308 | D:4      | 3308 ||| IDENTIFYING puce potion
  3309 | D:4      | 3309 ||| READING 2 scrolls of identify.
  3309 | D:4      | 3309 ||| IDENTIFYING sedimented golden potion
  3326 | D:5      | Entered Level 5 of the Dungeon
  3352 | D:5      | HP: 11/60 [wight/+0 trident (5)]
  3353 | D:5      | HP: 2/58 [wight/+3 war axe (9)]
  3353 | D:5      | Slain by a wight

Levels and vault maps discovered:
D:1:      amcnicky_arrival_blooded_trapdoor, layout_loops_corners
D:2:      kennysheep_the_goblin_king, layout_basic,
          chequers_serial_rivers_small_3
D:3:      layout_basic, shapermc_ecumenical_altar_mp_ritualfount, uniq_grinder,
          uniq_robin
D:4:      layout_loops_ring, serial_glass, glass_columns_a, glass_columns_a,
          kennysheep_small_circle
D:5:      layout_basic, serial_shops, shop, chequers_serial_rivers_micro_d,
          nicolae_shop_dragon_depot, uniq_ijyb

Skill      XL: |  1  2  3  4  5  6  7 |
---------------+----------------------+-----
Ranged Weapons | 5 6 7 8 |  8.3
Fighting       | 3 6 |  6.1
Armour         | 1 2 |  2.1
Dodging        | 3 |  3.0
Stealth        | |  0.7

Action                     |  1- 3 |  4- 6 |  7- 9 || total
---------------------------+-------+-------+-------++-------
   Fire: Shortbow          |   141 |   142 |   104 ||   387
    Use: Scroll            |     3 |     3 |     5 ||    11
         Potion            |     1 |       |       ||     1
 Armour: Leather armour    |    10 |     7 |       ||    17
         Ring mail         |       |     9 |    14 ||    23
  Dodge: Dodged            |    32 |    24 |    28 ||    84
  Block: Other             |       |    12 |     7 ||    19

Table legend:
 A = Non-vault XP
 B = Vault XP
 C = Vault XP percentage of total XP
 D = Non-vault monster count
 E = Vault monster count
 F = Vault count percentage of total count
                 A         B        C        D         E       F
            +---------+---------+-------+---------+---------+-------
      Total |     685 |     423 |  38.2 |      86 |      21 |  19.6
            +---------+---------+-------+---------+---------+-------
        D:1 |      27 |       0 |   0.0 |      16 |       0 |   0.0
        D:2 |      48 |      13 |  21.3 |      21 |       7 |  25.0
        D:3 |      74 |     308 |  80.6 |      16 |      10 |  38.5
        D:4 |     444 |     102 |  18.7 |      31 |       4 |  11.4
        D:5 |      92 |       0 |   0.0 |       2 |       0 |   0.0
            +---------+---------+-------+---------+---------+-------
